 Dungeon Crawl Stone Soup version 0.20.1-1-g8b1a95d66d (webtiles) character file.

1333 EginhardtG the Grappler (level 8, 0/63 HPs)
             Began as a Ghoul Gladiator on Dec 18, 2017.
             Was an Initiate of Makhleb.
             Slain by Popi's ghost (8 damage)
             ... on level 6 of the Dungeon.
             The game lasted 00:39:21 (4467 turns).

EginhardtG the Grappler (Ghoul Gladiator)           Turns: 4467, Time: 00:39:22

Health: 0/63       AC: 16    Str: 20    XL:     8   Next: 61%
Magic:  7/7        EV:  7    Int:  3    God:    Makhleb [......]
Gold:   125        SH:  0    Dex: 10    Spells: 7/7 levels left

rFire    . . .     SeeInvis .     - Unarmed
rCold    + . .     Gourm    .   (no shield)
rNeg     + + +     Faith    .   y - +0 plate armour
rPois    ∞         Spirit   .   p - +2 helmet
rElec    .         Reflect  .   m - +0 cloak
rCorr    .         Harm     .   (no gloves)
MR       .....                  (no boots)
Stlth    ..........             (no amulet)
Regen    0.0/turn               (no ring)
MPRegen  0.1/turn               (no ring)

@: about to teleport, rotting
A: rotting body, claws 1, carnivore 3, cold resistance 1, negative energy
resistance 3, inhibited regeneration, torment resistance, unbreathing
a: Renounce Religion


You were on level 6 of the Dungeon.
You worshipped Makhleb.
Makhleb was noncommittal.
You were not hungry.

You visited 2 branches of the dungeon, and saw 7 of its levels.
You also visited: Ossuary.

You collected 185 gold pieces.
You spent 60 gold pieces at shops.

Inventory:

Missiles
 c - 3 throwing nets (quivered)
Armour
 a - a +0 leather armour
 b - a +0 ring mail
 m - a +0 cloak (worn)
 p - a +2 helmet (worn)
 y - a +0 plate armour (worn)
Wands
 o - a wand of random effects (24/48)
Scrolls
 g - 2 scrolls of enchant armour {unknown}
 h - 12 scrolls of identify
 i - 2 scrolls of immolation {unknown}
 j - a scroll of blinking {unknown}
 k - 3 scrolls of teleportation
 l - 2 scrolls of enchant weapon {unknown}
 n - 2 scrolls of random uselessness {unknown}
 q - 2 scrolls of recharging {unknown}
 r - 4 scrolls of remove curse {unknown}
 u - a scroll of fear {unknown}
 w - 3 scrolls of fog {unknown}
 x - a scroll of magic mapping {unknown}
Potions
 d - a potion of mutation {unknown}
 e - 2 potions of might {unknown}
 f - 4 potions of curing {unknown}
 s - a potion of degeneration {unknown}
 t - 2 potions of cancellation {unknown}
 v - 2 potions of agility {unknown}
 z - a potion of heal wounds
 A - 2 potions of lignification {unknown}
Comestibles
 B - 4 chunks of flesh


   Skills:
 + Level 3.1 Fighting
 + Level 1.7 Throwing
 + Level 3.9 Armour
 + Level 4.1 Dodging
 + Level 1.7 Stealth
 + Level 9.3 Unarmed Combat


You had 7 spell levels left.
You didn't know any spells.

Dungeon Overview and Level Annotations

Branches:
Dungeon (6/15)             Temple (1/1) D:4

Altars:
Ashenzari
Cheibriados
Dithmenos
Elyvilon
Fedhas
Gozag
Hepliaklqana
Kikubaaqudgha
Makhleb
Nemelex Xobeh
Okawaru
Qazlal
Ru
Sif Muna
Trog
Uskayaw
Vehumet
Xom
Yredelemnul
Zin
The Shining One

Shops:
D:5 (=(!}

Annotations:
D:6 Popi's ghost, novice HuFi


Innate Abilities, Weirdness & Mutations

Your body is rotting away.
You thrive on raw meat.
You are immune to poison.
You have sharp fingernails.
You are carnivorous and can eat meat at any time.
Your flesh is cold resistant. (rC+)
You are immune to negative energy. (rN+++)
You do not regenerate when monsters are visible.
You are immune to unholy pain and torment.
You can survive without breathing.


Message History

Popi's ghost hits you but does no damage.
You scratch Popi's ghost.
Popi's ghost is lightly damaged.
Popi's ghost hits you but does no damage.
Your plate armour prevents you from hitting Popi's ghost.
Popi's ghost is lightly damaged.
You closely miss Popi's ghost.
Popi's ghost is lightly damaged.
Popi's ghost hits you but does no damage.
You barely miss Popi's ghost.
Popi's ghost is lightly damaged.
Popi's ghost hits you!
* * * LOW HITPOINT WARNING * * *
As you read the scroll labeled WEKUOFR FYWU, it crumbles to dust.
It is a scroll of identify.
k - 4 scrolls of teleportation Popi's ghost hits you but does no damage.
As you read the scroll of teleportation, it crumbles to dust.
You feel strangely unstable. Popi's ghost hits you!
You die...

#.................
#.......#.........
#.......#......[..
#.......#.#######.
#.......#.#. ..#.
#$......#.#.###.#.
#.......#.#...#.#.
#W#####.#.###.#.#.
#@# .#...#.#.#.
#.......#.........
..#######.......#.
##.#########.#.###.
#........<..#.# ..
#########.###.#.#.
#.. ..#.#. #######
#. .


You could see Popi's ghost.

Vanquished Creatures
  The ghost of dengdeng the Slasher, an amateur MiBe of Trog (D:4)
  Edmund (D:6)
  A sky beast (D:6)
  4 ogres
  2 scorpions
  2 hounds
  A human zombie (Ossuary)
  An orc wizard (D:3)
  A centaur skeleton (D:4)
  2 iguanas
  3 mummies (Ossuary)
  Robin (D:2)
  3 gnolls (D:4)
  A howler monkey skeleton (D:3)
  4 adders (D:3)
  3 oozes
  3 adder zombies (Ossuary)
  An adder skeleton (D:3)
  A worm (D:2)
  5 dart slugs
  3 leopard geckos
  10 orcs
  10 bats
  3 giant cockroaches
  9 goblins
  6 hobgoblins
  7 jackals
  11 kobolds
  2 quokkas (D:2)
  A ball python (D:4)
  4 frilled lizards
  A giant cockroach zombie (D:3)
  2 goblin zombies (Ossuary)
  2 hobgoblin zombies (Ossuary)
  A jackal zombie (D:3)
  A kobold zombie (Ossuary)
  A leopard gecko zombie (D:3)
  5 quokka zombies (Ossuary)
  6 rats
  4 rat zombies (Ossuary)
130 creatures vanquished.

Vanquished Creatures (others)
  A plant (D:1)
1 creature vanquished.

Grand Total: 131 creatures vanquished

Notes
Turn   | Place    | Note
-------+----------+-------------------------------------------
     0 | D:1      | EginhardtG the Ghoul Gladiator began the quest for the Orb.
     0 | D:1      | Reached XP level 1. HP: 17/17 MP: 0/0
    67 | D:1      | Reached XP level 2. HP: 21/24 MP: 1/1
   196 | D:1      | Reached skill level 4 in Unarmed Combat
   204 | D:1      | Reached XP level 3. HP: 21/30 MP: 2/2
   873 | D:2      | Reached XP level 4. HP: 36/36 MP: 3/3
  1209 | D:2      | Reached skill level 1 in Armour
  1212 | D:2      | Noticed Robin
  1219 | D:2      | Killed Robin
  1783 | D:3      | Found an opulent altar of Gozag.
  1800 | D:3      | Reached XP level 5. HP: 35/42 MP: 4/4
  1981 | D:3      | Reached skill level 5 in Unarmed Combat
  2404 | D:4      | Reached XP level 6. HP: 8/50 MP: 5/5
  2623 | D:4      | Noticed dengdeng's ghost (amateur MiBe)
  2650 | D:4      | Killed dengdeng's ghost
  2650 | D:4      | Reached skill level 6 in Unarmed Combat
  2650 | D:4      | Reached XP level 7. HP: 11/55 MP: 6/6
  2698 | D:4      | Found a sand-covered staircase.
  2703 | Ossuary  | Entered an ossuary
  2758 | Ossuary  | Reached skill level 7 in Unarmed Combat
  2857 | Ossuary  | Reached skill level 1 in Stealth
  3432 | D:4      | Found a staircase to the Ecumenical Temple.
  3441 | Temple   | Entered the Ecumenical Temple
  3556 | Temple   | Became a worshipper of Makhleb the Destroyer
  3624 | D:5      | Entered Level 5 of the Dungeon
  3656 | D:5      | Found Tiavomn's Gadget Shop.
  3718 | D:5      | Found Qikhagu's Distillery.
  3720 | D:5      | Found Iddemp's Antique Weapon Shoppe.
  3720 | D:5      | Found Sach's Jewellery Shoppe.
  3723 | D:5      | Found Gidoutte's Antique Weapon Shoppe.
  3726 | D:5      | Bought a potion of heal wounds for 60 gold pieces
  3834 | D:5      | Reached skill level 8 in Unarmed Combat
  3834 | D:5      | Reached XP level 8. HP: 62/62 MP: 7/7
  4346 | D:6      | Reached skill level 9 in Unarmed Combat
  4418 | D:6      | Noticed Edmund
  4421 | D:6      | Noticed Popi's ghost (novice HuFi)
  4444 | D:6      | Killed Edmund
  4467 | D:6      | Slain by Popi's ghost

Skill      XL: |  1  2  3  4  5  6  7  8 |
---------------+-------------------------+-----
Dodging        | 3 4 |  4.1
Unarmed Combat | 4 5 6 8 9 |  9.3
Armour         | 1 2 3 |  3.9
Stealth        | 1 |  1.7
Fighting       | 3 |  3.1
Throwing       | |  1.7

Action                   |  1- 3 |  4- 6 |  7- 9 || total
-------------------------+-------+-------+-------++-------
Melee: Unarmed           |    99 |   217 |   170 ||   486
       Punch             |       |     5 |     8 ||    13
Throw: Throwing net      |       |     1 |       ||     1
  Use: Scroll            |       |       |     2 ||     2
  Eat: Chunk             |     8 |    15 |    13 ||    36
       Meat ration       |       |       |     2 ||     2
Armor: Leather armour    |    23 |    57 |     8 ||    88
       Plate armour      |       |       |    23 ||    23
       Ring mail         |       |       |     2 ||     2
Dodge: Dodged            |    55 |   125 |    55 ||   235
